 Dungeon Crawl Stone Soup version 0.31-a0-702-gf82c85558f (webtiles) character file.

Game seed: 8198862120269194048

282 qw the Shooter (level 6, -6/38 HPs)
             Began as a Gargoyle Hunter on Sept 7, 2023.
             Mangled by Edmund
             ... wielding a +2 dire flail of holy wrath
              (9 damage)
             ... on level 4 of the Dungeon.
             The game lasted 00:00:54 (2878 turns).

qw the Shooter (Gargoyle Hunter)                    Turns: 2878, Time: 00:00:55

Health: -6/38      AC:  9    Str: 14    XL:     6   Next: 28%
Magic:  6/6        EV: 11    Int: 10    God:
Gold:   176        SH:  0    Dex: 15    Spells: 5/5 levels left

rFire   . . .        Y - +1 shortbow
rCold   . . .        (shield currently unavailable)
rNeg    + . .        e - +0 ring mail
rPois   inf          (no helmet)
rElec   +            (no cloak)
rCorr   .            (no gloves)
SInv    .            (no boots)
Will    .....        (no amulet)
Stlth   +            (no ring)
HPRegen 0.26/turn    (no ring)
MPRegen 0.10/turn

%: no passive effects
@: no status effects
A: sickness immunity, AC +4, negative energy resistance 1, electricity
resistance, torment resistance 1, petrification resistance
a: no special abilities


You were on level 4 of the Dungeon.
You visited 1 branch of the dungeon, and saw 4 of its levels.

You collected 176 gold pieces.


Innate Abilities, Weirdness & Mutations

You are immune to sickness and miasma.
Your stone body is resilient. (AC +4)
You are immune to poison.
You resist negative energy. (rN+)
You are resistant to electric shocks. (rElec)
You are resistant to unholy torment.
You are immune to petrification.


   Skills:
 - Level 4.2 Fighting
 + Level 6.2 Ranged Weapons
 - Level 2.0 Armour
 - Level 1.5 Dodging
 - Level 1.1 Stealth


You had 5 spell levels left.
You didn't know any spells.
Your spell library was empty.

Inventory:

Hand Weapons
 Y - a +1 shortbow (weapon)
Armour
 e - a +0 ring mail (worn)
Jewellery
 j - a ring of fire
Scrolls
 a - a scroll of vulnerability {unknown}
 c - a scroll of identify
Potions
 b - 3 potions of mutation {unknown}
 g - a potion of haste {unknown}
 h - a potion of degeneration {unknown}
 i - a potion of might {unknown}
 k - a potion of cancellation {unknown}

Dungeon Overview and Level Annotations

Branches:
Dungeon (4/15)
 Temple: D:4-7

Altars:
Cheibriados

Annotations:
D:4 Edmund


Message History

Edmund is lightly wounded.
Edmund misses you.
Edmund hits you with a +2 dire flail of holy wrath.
You shoot an arrow. The arrow completely misses Edmund.
Edmund hits you with a +2 dire flail of holy wrath.
You shoot an arrow. The arrow hits Edmund.
Edmund is lightly wounded.
Edmund hits you with a +2 dire flail of holy wrath.
You shoot an arrow. The arrow hits Edmund.
Edmund is moderately wounded.
You hear the slow rusting of a very distant drain.
Edmund closely misses you.
You shoot an arrow. The arrow hits Edmund.
Edmund is moderately wounded.
Edmund hits you with a +2 dire flail of holy wrath.
You shoot an arrow. The arrow barely misses Edmund.
Edmund hits you with a +2 dire flail of holy wrath!
Edmund hits you with a +2 dire flail of holy wrath.
You shoot an arrow. The arrow closely misses Edmund.
Edmund misses you.
You shoot an arrow. The arrow hits Edmund.
Edmund is moderately wounded.
Edmund hits you with a +2 dire flail of holy wrath.
You shoot an arrow.
The arrow hits Edmund but does no damage.
Edmund is moderately wounded.
Edmund hits you but does no damage.
You shoot an arrow. The arrow hits Edmund.
Edmund is moderately wounded.
Edmund barely misses you.
You shoot an arrow. The arrow hits Edmund.
Edmund is moderately wounded.
Edmund closely misses you.
You shoot an arrow.
The arrow hits Edmund but does no damage.
Edmund is moderately wounded.
Edmund hits you with a +2 dire flail of holy wrath.
Edmund hits you with a +2 dire flail of holy wrath!
You die...
Edmund says, "I'd like to see a scythe do that!"

#################
######...............#
#......#############)#
............#########.#####
##.###....@............>...
# #.##@#.########..###>#
.........# #..#
#.#.#....<.. #%<#
#.#.#..#..### #..# #
#.#..#..# #%.# ......# #..#
....... ...# .##.#


You could see Edmund.

Vanquished Creatures
  A scorpion (D:4)
  A hound (D:3)
  2 orc priests (D:3)
  An iguana (D:4)
  Natasha (D:1)
  2 adders (D:3)
  A dart slug (D:1)
  2 orcs (D:3)
  3 bats
  2 endoplasms
  2 giant cockroaches (D:1)
  6 goblins
  9 hobgoblins
  4 jackals (D:1)
  5 kobolds
  3 quokkas
  3 ball pythons (D:1)
  4 frilled lizards
  7 rats
59 creatures vanquished.

Notes
Turn   | Place    | Note
-------+----------+-------------------------------------------
     0 | D:1      | qw the Gargoyle Hunter began the quest for the Orb.
     0 | D:1      | Reached XP level 1. HP: 12/12 MP: 1/1
     0 | D:1      | 0 ||| qw: Version: 0.3-a-76-g4403597
     0 | D:1      | 0 ||| qw: Game counter: 822
     0 | D:1      | 0 ||| qw: Melee chars always use a shield: true
     0 | D:1      | 0 ||| qw: God list: Okawaru
     0 | D:1      | 0 ||| qw: Allow faded altars: false
     0 | D:1      | 0 ||| qw: Do Orc after clearing Dungeon:15 true
     0 | D:1      | 0 ||| qw: Do second Lair branch before Depths: true
     0 | D:1      | 0 ||| qw: Lair rune preference: random
     0 | D:1      | 0 ||| qw: Goals: Normal
     0 | D:1      | 0 ||| PLANNING D:1-11
    15 | D:1      | Found a faded altar of an unknown god.
   241 | D:1      | Reached XP level 2. HP: 11/17 MP: 2/2
   575 | D:1      | 575 ||| UPGRADING to +0 ring mail.
   583 | D:1      | 583 ||| UPGRADING to +0 leather armour.
   594 | D:1      | Reached XP level 3. HP: 17/21 MP: 3/3
   608 | D:1      | 608 ||| UPGRADING to +0 ring mail.
   618 | D:1      | 618 ||| DROPPING +0 leather armour.
   945 | D:1      | 945 ||| READING scroll labelled XEASA NANEGEMMA.
   946 | D:1      | 946 ||| DROPPING scroll of butterflies.
  1008 | D:2      | Noticed Natasha
  1011 | D:2      | 1011 ||| STAIRDANCE
  1016 | D:1      | Killed Natasha
  1105 | D:2      | Reached skill level 5 in Ranged Weapons
  1198 | D:2      | Reached XP level 4. HP: 26/26 MP: 4/4
  1234 | D:2      | Identified the +0 mace of the Shifting Fool {venom, +Blink
                  | rCorr Str+4}
  1400 | D:2      | Found a snail-covered altar of Cheibriados.
  1590 | D:2      | 1590 ||| DROPPING ring of magical power.
  1591 | D:2      | 1591 ||| READING scroll labelled ALEMAIRHEDA.
  1592 | D:2      | 1592 ||| READING scroll labelled PIEWAA IMOAP.
  1593 | D:2      | 1593 ||| DRINKING 3 ruby potions.
  1594 | D:2      | 1594 ||| DROPPING 2 potions of brilliance.
  1754 | D:3      | 1754 ||| RETREATING.
  1758 | D:3      | 1758 ||| RETREATING.
  1759 | D:3      | 1759 ||| Stepping ~*~*~tactically~*~*~ (outnumbered).
  1772 | D:3      | Reached skill level 3 in Fighting
  1773 | D:3      | HP: 7/28 [orc priest/+0 club (3)]
  1776 | D:3      | HP: 3/28 [orc priest/+0 club (5)]
  1778 | D:3      | Reached XP level 5. HP: 4/32 MP: 5/5
  2275 | D:3      | Identified the +0 scale mail "Huuck" {Drain rF+ Int+3 SInv}
  2661 | D:3      | 2661 ||| READING 2 scrolls labelled COQOP PEXAS.
  2662 | D:3      | 2662 ||| READING scroll labelled PAZXOU MATY.
  2666 | D:3      | 2666 ||| READING 4 scrolls labelled UGEMIL WUGGE.
  2667 | D:3      | 2667 ||| DRINKING 2 fuming grey potions.
  2699 | D:3      | 2699 ||| DROPPING scroll of revelation.
  2700 | D:3      | 2700 ||| DROPPING potion of lignification.
  2701 | D:3      | 2701 ||| DROPPING 3 scrolls of blinking.
  2736 | D:4      | 2736 ||| PLANNING SEWER
  2749 | D:4      | Reached skill level 6 in Ranged Weapons
  2775 | D:4      | Reached XP level 6. HP: 25/38 MP: 6/6
  2775 | D:4      | 2775 ||| FLEEEEING.
  2776 | D:4      | 2776 ||| STAIRDANCE
  2862 | D:4      | Noticed Edmund
  2872 | D:4      | HP: 9/38 [Edmund/+2 dire flail of holy wrath (10)]
  2874 | D:4      | HP: 2/38 [Edmund/+2 dire flail of holy wrath (6)]
  2878 | D:4      | Mangled by Edmund

Levels and vault maps discovered:
D:1:      doesnt_arrival_eight_statues, layout_loops_corners,
          ebering_ecumenical_altar_petrified, serial_bayou_lake_a
D:2:      layout_loops_ring, basic_altar, uniq_natasha
D:3:      wander_river, layout_loops_corners, minmay_strange_pillars
D:4:      layout_loops_ring, lightli_sewer_entry_pipes,
          nicolae_shop_unique_rings, uniq_edmund

Skill      XL: |  1  2  3  4  5 |
---------------+----------------+-----
Armour         | 2 |  2.0
Ranged Weapons | 5 6 |  6.2
Fighting       | 3 4 |  4.2
Dodging        | |  1.5
Stealth        | |  1.1

Action                     |  1- 3 |  4- 6 || total
---------------------------+-------+-------++-------
   Fire: Shortbow          |    78 |   121 ||   199
    Use: Scroll            |     1 |     5 ||     6
         Potion            |       |     2 ||     2
 Armour: Leather armour    |    18 |       ||    18
         Ring mail         |     6 |    53 ||    59
  Dodge: Dodged            |    24 |    43 ||    67

Table legend:
 A = Non-vault XP
 B = Vault XP
 C = Vault XP percentage of total XP
 D = Non-vault monster count
 E = Vault monster count
 F = Vault count percentage of total count
                 A         B        C        D         E       F
            +---------+---------+-------+---------+---------+-------
      Total |     369 |      35 |   8.7 |      58 |       1 |   1.7
            +---------+---------+-------+---------+---------+-------
        D:1 |      36 |      35 |  49.3 |      20 |       1 |   4.8
        D:2 |      20 |       0 |   0.0 |      12 |       0 |   0.0
        D:3 |     182 |       0 |   0.0 |      20 |       0 |   0.0
        D:4 |     131 |       0 |   0.0 |       6 |       0 |   0.0
            +---------+---------+-------+---------+---------+-------
